 Dungeon Crawl Stone Soup version 0.29.1-12-g30fa7ad0bf (webtiles) character file.

Game seed: 17956904880050013936

70 Gabide the Trooper (level 4, -4/37 HPs)
             Began as a Formicid Berserker on Dec 18, 2022.
             Was a Believer of Trog.
             Slain by a hobgoblin (5 damage)
             ... led by Robin
             ... on level 2 of the Dungeon.
             The game lasted 00:02:24 (1595 turns).

Gabide the Trooper (Formicid Berserker)             Turns: 1595, Time: 00:02:25

Health: -4/37      AC:  6    Str: 24    XL:     4   Next: 45%
Magic:  4/4        EV: 10    Int:  6    God:    Trog [**....]
Gold:   68         SH:  0    Dex: 13    Spells: 3/3 levels left

rFire   . . .      SeeInvis +   a - +0 mace
rCold   . . .      Faith    .   (no shield)
rNeg    . . .      Spirit   .   f - +0 scale mail
rPois   .          Reflect  .   (helmet unavailable)
rElec   .          Harm     .   (no cloak)
rCorr   .          Rampage  .   (no gloves)
Will    ++...                   (no boots)
Stlth   ..........              (no amulet)
HPRegen 1.12/turn               (no ring)
MPRegen 0.09/turn               (no ring)

@: strong-willed, attractive, regenerating
A: permanent stasis, dig shafts and tunnels, antennae 3, four strong arms
a: Dig, Shaft Self, Renounce Religion, Trog's Hand


You were on level 2 of the Dungeon.
You worshipped Trog.
Trog was pleased with you.
You visited 1 branch of the dungeon, and saw 2 of its levels.

You collected 68 gold pieces.

Inventory:

Hand Weapons
 a - a +0 mace (weapon)
Armour
 f - a +0 scale mail (worn)
Scrolls
 b - a scroll of torment {unknown}
 c - 2 scrolls of summoning {unknown}
 d - a scroll of teleportation {unknown}
 e - a scroll of butterflies {unknown}
 g - a scroll of identify {unknown}
 h - a scroll of immolation {unknown}


   Skills:
 * Level 4.2 Fighting
 * Level 3.9 Maces & Flails
 - Level 2.1 Armour
 + Level 2.3 Dodging


You had 3 spell levels left.
You didn't know any spells.
Your spell library was empty.

Dungeon Overview and Level Annotations

Branches:
Dungeon (2/15)

Altars:

Annotations:
D:2 Robin


Innate Abilities, Weirdness & Mutations

You cannot be hasted, slowed, berserked, paralysed or teleported.
You can dig through walls and to a lower floor.
You have a pair of large antennae on your head. (SInv)
Your four strong arms can wield two-handed weapons with a shield.


Message History

The hobgoblin attacks as you move away! The hobgoblin hits you.
You hit the hobgoblin.
The hobgoblin is moderately wounded.
The hobgoblin barely misses you.
You barely miss the hobgoblin.
The hobgoblin is moderately wounded.
The hobgoblin hits you.
The goblin unwields a +0 sling.
The goblin wields a +0 club.
The goblin barely misses you. The hobgoblin attacks as you move away!
The hobgoblin hits you but does no damage.
The hobgoblin attacks as you move away! The hobgoblin barely misses you.
Things that are here:
a +0 dagger; a goblin corpse You hit the hobgoblin but do no damage.
The hobgoblin is moderately wounded.
The hobgoblin hits you.
* * * LOW HITPOINT WARNING * * *
You barely miss the hobgoblin.
The hobgoblin is moderately wounded.
The hobgoblin no longer looks unusually strong.
The hobgoblin hits you but does no damage.
Robin throws the goblin at you! The goblin hits you with a +0 club.
* * * LOW HITPOINT WARNING * * *
The hobgoblin closely misses you.
Your skin crawls.
You feel strong-willed. The goblin hits you but does no damage.
Robin roars a battlecry!
The hobgoblin goes into a battle-frenzy!
The hobgoblin hits you.
* * * LOW HITPOINT WARNING * * *
It was a potion of attraction.
You feel attractive to monsters. The goblin hits you but does no damage.
The hobgoblin hits you.
* * * LOW HITPOINT WARNING * * *
You barely miss the goblin. The goblin hits you with a +0 club.
* * * LOW HITPOINT WARNING * * *
The hobgoblin hits you.
You die...

..... ....# ...... ...#
...:.. ...#### ####
......####.....# ....#
#####.....)†...#
.....##....)...g##.#.#
.......)#######.##.#
........#######.##.#.####
...........g@ggg........>#
.........######..........#
.................#.#.##.)#
.....)....)......#.#.# .#
.................#....
#####....).......###.#.
###.#........# .#..
#)#......... .
#####.#####....


You could see Robin, 2 hobgoblins and a goblin (strong).

Vanquished Creatures
  A gnoll (D:1)
  An adder (D:2)
  2 dart slugs
  4 ball pythons
  3 endoplasms (D:1)
  9 goblins
  11 hobgoblins
  3 kobolds (D:2)
  2 quokkas (D:1)
  2 bats (D:1)
  4 frilled lizards
  A rat (D:1)
43 creatures vanquished.

Notes
Turn   | Place    | Note
-------+----------+-------------------------------------------
     0 | D:1      | Gabide the Formicid Berserker began the quest for the Orb.
     0 | D:1      | Reached XP level 1. HP: 18/18 MP: 1/1
   186 | D:1      | Reached XP level 2. HP: 16/24 MP: 2/2
   551 | D:1      | Reached XP level 3. HP: 18/30 MP: 3/3
   862 | D:1      | Found a faded altar of an unknown god.
  1198 | D:2      | Reached skill level 4 in Fighting
  1410 | D:2      | Reached XP level 4. HP: 37/37 MP: 4/4
  1447 | D:2      | Reached ** piety under Trog
  1542 | D:2      | Noticed Robin
  1594 | D:2      | HP: 1/37 [hobgoblin[Robin] (3)]
  1595 | D:2      | Slain by a hobgoblin

Illustrated notes

Levels and vault maps discovered:
D:1:      matt_arrival_grand_opening, layout_rooms,
          dreamdust_ecumenical_altar_hidden_monk_grotto, st_stairs_14,
          hangedman_glass_teeth
D:2:      kb_forest_paths, layout_basic, uniq_terence, uniq_robin

Skill      XL: |  1  2  3 |
---------------+----------+-----
Dodging        | 2 |  2.3
Fighting       | 4 |  4.2
Maces & Flails | |  3.9
Armour         | |  2.1

Action                   |  1- 3 |  4- 6 || total
-------------------------+-------+-------++-------
Melee: Mace              |    90 |    40 ||   130
Throw: Boomerang         |     3 |    12 ||    15
Invok: Trog's Hand       |       |     2 ||     2
  Use: Potion            |       |     1 ||     1
Armor: Scale mail        |    46 |    26 ||    72
Dodge: Dodged            |    60 |    23 ||    83
